 Dungeon Crawl Stone Soup version 0.28.0-43-g3370ac3207 (webtiles) character file.

Game seed: 18359234308886918497

63 funkygono the Covered (level 3, -8/33 HPs)
             Began as a Minotaur Fighter on Mar 11, 2022.
             Killed from afar by Sigmund (12 damage)
             ... with a magic dart
             ... on level 2 of the Dungeon.
             The game lasted 00:01:44 (1990 turns).

funkygono the Covered (Minotaur Fighter)            Turns: 1990, Time: 00:01:44

Health: -8/33      AC:  8    Str: 22    XL:     3   Next: 87%
Magic:  2/2        EV:  9    Int:  5    God:
Gold:   134        SH:  4    Dex:  9    Spells: 2/2 levels left

rFire   . . .      SeeInvis .   a - +0 long sword
rCold   . . .      Faith    .   c - +0 buckler
rNeg    . . .      Spirit   .   b - +0 scale mail
rPois   .          Reflect  .   (helmet restricted)
rElec   .          Harm     .   (no cloak)
rCorr   .          Rampage  .   (no gloves)
Will    .....                   h - +0 pair of boots
Stlth   ..........              (no amulet)
HPRegen 0.11/turn               (no ring)
MPRegen 0.08/turn               (no ring)

@: no status effects
A: horns 2, retaliatory headbutt
a: no special abilities


You were on level 2 of the Dungeon.
You visited 1 branch of the dungeon, and saw 2 of its levels.

You collected 134 gold pieces.

Inventory:

Hand Weapons
 a - a +0 long sword (weapon)
Missiles
 g - a silver javelin (quivered)
Armour
 b - a +0 scale mail (worn)
 c - a +0 buckler (worn)
 h - a +0 pair of boots (worn)
Potions
 d - a potion of might
 e - 2 potions of lignification {unknown}
 f - a potion of degeneration {unknown}
 i - a potion of berserk rage {unknown}


   Skills:
 + Level 4.3 Fighting
 + Level 3.1 Long Blades
 + Level 4.4 Armour
 + Level 0.3 Dodging
 + Level 4.2 Shields


You had 2 spell levels left.
You didn't know any spells.
Your spell library was empty.

Dungeon Overview and Level Annotations

Branches:
Dungeon (2/15)

Altars:

Annotations:
D:2 Sigmund


Innate Abilities, Weirdness & Mutations

You have a pair of horns on your head.
You reflexively headbutt those who attack you in melee.


Message History

You open the door.
There is an open door here.
There is an open door here.
A hobgoblin comes into view.
The hobgoblin shouts!
Sigmund the Dreaded comes into view.
He is wielding a +2 vorpal scythe.
Sigmund shouts!
You hit the hobgoblin but do no damage.
The hobgoblin hits you but does no damage.
You hit the hobgoblin but do no damage. The hobgoblin hits you.
You slash the hobgoblin!
You kill the hobgoblin!
Found 22 stones.
Sigmund hits you from afar with a +2 vorpal scythe.
You see here a hobgoblin corpse.
Throw: 2 javelins (silver)
Press: ? - help, Q - select action Shift-Dir - straight line, f - Sigmund
Aim: Sigmund, wielding a +2 vorpal scythe and wearing a +0 robe (52% to hit)
You throw a silver javelin.
The silver javelin barely misses Sigmund.
Sigmund casts a spell.
Sigmund flickers and vanishes!
Deactivating autopickup; reactivate with Ctrl-A.
Throw: javelin (silver)
Press: ? - help, Q - select action Shift-Dir - straight line, f - you Really target yourself?
Okay, then.
Unknown command.
Something hits you!
You miss something. Something hits you but does no damage.
You miss something. You closely miss something. Something hits you.
You slash something! Something hits you.
* * * LOW HITPOINT WARNING * * *
x2 You completely miss something.
Something hits you but does no damage.
You miss something.
You hear some strange, mumbled words.
A magic dart appears from out of thin air!
The magic dart hits you!
You die...

♣♣♣#.######.#
♣....# #.#
♣♣.♣### #.#
♣♣♣..♣ #.#
♣♣...♣♣
#####.# ♣.♣.♣♣
#...#.# .♣♣♣♣
#..## # ♣♣
#.#...##(####
♣
#....@{....(#
♣
###...##..#...
♣♣ #..## ...#
.♣♣ ..#.# ###
♣.♣ ####.# ♣.♣
#+# ♣†♣♣ ♣♣.♣
♣.♣


There were no monsters in sight!

Vanquished Creatures
  An adder (D:2)
  A worm (D:2)
  3 dart slugs
  4 bats
  7 endoplasms
  A giant cockroach (D:1)
  3 goblins (D:1)
  2 hobgoblins
  2 kobolds (D:1)
  6 quokkas
  5 ball pythons
  2 frilled lizards (D:1)
  4 rats (D:2)
41 creatures vanquished.

Notes
Turn   | Place    | Note
-------+----------+-------------------------------------------
     0 | D:1      | funkygono the Minotaur Fighter began the quest for the Orb.
     0 | D:1      | Reached XP level 1. HP: 19/19 MP: 0/0
   271 | D:1      | Reached XP level 2. HP: 23/27 MP: 1/1
   801 | D:1      | Reached XP level 3. HP: 29/33 MP: 2/2
   866 | D:1      | Found a faded altar of an unknown god.
  1976 | D:2      | Noticed Sigmund
  1990 | D:2      | Killed from afar by Sigmund

Illustrated notes

Levels and vault maps discovered:
D:1:      lemuel_arrival_behind_the_door_small, layout_basic,
          hellmonk_ecumenical_altar_lost_god, hangedman_decor_clover_reticule,
          minivault_23
D:2:      kb_forest_paths, layout_loops_corners, uniq_sigmund

Skill      XL: |  1  2  3 |
---------------+----------+-----
Fighting       | 4 |  4.3
Armour         | 4 |  4.4
Shields        | 4 |  4.2
Long Blades    | 3 |  3.1
Dodging        | |  0.3

Action                   || total
-------------------------++-------
Melee: Long sword        ||   110
       Headbutt          ||    14
Throw: Javelin           ||     1
  Use: Scroll            ||     1
Armor: Scale mail        ||    48
Dodge: Dodged            ||    51
Block: Buckler           ||    30
